 Dungeon Crawl Stone Soup version 0.22-a0-240-g539252a (webtiles) character file.

14715 Amnesiac the Fetichist (level 11, 0/58 HPs)
             Began as a Spriggan Artificer on Feb 21, 2018.
             Was an Initiate of Gozag.
             Killed from afar by a lindwurm (11 damage)
             ... with a blast of flame
             ... on level 2 of the Orcish Mines.
             The game lasted 00:45:49 (21659 turns).

Amnesiac the Fetichist (Spriggan Artificer)        Turns: 21659, Time: 00:45:50

Health: 0/58       AC:  4    Str: 11    XL:     11   Next: 92%
Magic:  0/23       EV: 28    Int: 13    God:    Gozag
Gold:   3499       SH:  8    Dex: 17    Spells: 10/10 levels left

rFire    + . .     SeeInvis +   b - +2 short sword (elec)
rCold    . . .     Gourm    .   e - +0 buckler
rNeg     . . .     Faith    .   I - +0 robe {MR+}
rPois    .         Spirit   +   (helmet restricted)
rElec    .         Reflect  .   i - +0 cloak {MR+}
rCorr    .         Harm     .   (gloves unavailable)
MR       +++..                  (boots unavailable)
Stlth    ++........             v - amulet of guardian spirit
HPRegen  0.19/turn              m - +1 ring of protection
MPRegen  0.18/turn              K - ring of protection from fire

@: very quick
A: very small, unfitting armour, see invisible, herbivore, speed 3, slow
metabolism 2
a: Potion Petition, Call Merchant, Bribe Branch, Renounce Religion


You were on level 2 of the Orcish Mines.
You worshipped Gozag.
Gozag was most pleased with you.
You were very full.

You visited 3 branches of the dungeon, and saw 12 of its levels.
You also visited: Sewer.

You collected 3580 gold pieces.
You paid 81 gold pieces to Gozag.

Inventory:

Hand Weapons
 a - a +1 hunting sling
 b - a +2 short sword of electrocution (weapon)
 d - a +2 scimitar of flaming
 D - a +2 dagger of draining
 J - a +0 blowgun
 S - a +2 dagger of pain
Missiles
 o - a throwing net (quivered)
 r - 45 stones
 u - 7 needles of frenzy
 F - 39 poisoned needles
Armour
 e - a +0 buckler (worn)
 i - a +0 cloak of magic resistance (worn)
 I - a +0 robe of magic resistance (worn)
Jewellery
 m - a +1 ring of protection (left hand)
 v - an amulet of guardian spirit (around neck)
 K - a ring of protection from fire (right hand)
 Q - an uncursed ring of flight
Wands
 p - a wand of polymorph (16)
 s - a wand of digging (16)
Scrolls
 c - 3 scrolls of teleportation {!r}
 g - 2 scrolls of enchant weapon {!r}
 h - 5 scrolls of identify {!r}
 j - 3 scrolls of enchant armour {!r}
 l - 4 scrolls of remove curse {!r}
 t - a scroll of blinking {!r}
 x - 2 scrolls of fear {!r}
 y - a scroll of random uselessness {!r, unknown}
 z - 4 scrolls of fog {!r}
 E - a scroll of amnesia {!r, unknown}
 G - a scroll of noise {!r, unknown}
 H - a scroll of immolation {!r}
 N - a scroll of torment {!r, unknown}
 O - a scroll of magic mapping {!r, unknown}
Potions
 k - a potion of mutation {!q}
 n - a potion of might {!q}
 w - 5 potions of curing {!q}
 A - 2 potions of haste {!q}
 B - a potion of lignification {!q, unknown}
 M - a potion of experience {!q, unknown}
 P - a potion of ambrosia {!q, unknown}
Comestibles
 f - 4 rations


   Skills:
 + Level 7.1 Fighting
 - Level 2.0 Short Blades
 + Level 12.1 Dodging
 - Level 2.5 Stealth
 - Level 7.2 Shields
 * Level 15.2 Evocations


You had 10 spell levels left.
You didn't know any spells.

Dungeon Overview and Level Annotations

Branches:
Dungeon (9/15)             Temple (1/1) D:6             Orc (2/2) D:9
    Elf (0/3) Orc:2
   Lair: D:8-11

Altars:
Ashenzari
Cheibriados
Dithmenos
Fedhas
Gozag
Hepliaklqana
Kikubaaqudgha
Makhleb
Nemelex Xobeh
Qazlal
Ru
Sif Muna
Trog
Uskayaw
Vehumet
Wu Jian
Xom
Yredelemnul
The Shining One


Innate Abilities, Weirdness & Mutations

You are very small and have problems with some larger weapons.
You are too small for most types of armour.
You have supernaturally acute eyesight. (SInv)
You are a herbivore.
You cover ground extremely quickly.
You need consume almost no food.


Message History

The lindwurm closely misses you. The lindwurm completely misses you.
The lindwurm barely misses you.
You hit the lindwurm but do no damage.
The lindwurm is lightly wounded.
You block the lindwurm's attack. The lindwurm completely misses you.
You block the lindwurm's attack.
You hit the lindwurm.
The lindwurm is moderately wounded.
The lindwurm misses you. The lindwurm claws you.
The lindwurm completely misses you.
You hit the lindwurm but do no damage.
The lindwurm is moderately wounded.
The lindwurm breathes flames at you. The blast of flame hits you! You resist.
You hit the lindwurm but do no damage.
The lindwurm is moderately wounded.
The lindwurm barely misses you. The lindwurm claws you.
* * * LOW HITPOINT WARNING * * *
The lindwurm claws you but does no damage.
You hit the lindwurm but do no damage.
The lindwurm is moderately wounded.
The lindwurm closely misses you. You block the lindwurm's attack.
The lindwurm barely misses you.
You hit the lindwurm but do no damage. Lightning courses through the lindwurm!
The lindwurm is severely wounded.
The lindwurm completely misses you. You block the lindwurm's attack.
The lindwurm completely misses you.
You hit the lindwurm but do no damage. Lightning courses through the lindwurm!
The lindwurm is almost dead.
The lindwurm breathes flames at you. The blast of flame hits you! You resist.
* * * LOW HITPOINT WARNING * * *
Unknown command.
You hit the lindwurm but do no damage.
The lindwurm is almost dead.
The lindwurm misses you. The lindwurm completely misses you.
The lindwurm misses you.
Unknown command.
You barely miss the lindwurm.
The lindwurm is almost dead.
The lindwurm completely misses you. You block the lindwurm's attack.
The lindwurm misses you.
Unknown command.
You hit the lindwurm but do no damage.
The lindwurm is almost dead.
The lindwurm completely misses you. The lindwurm misses you. x2
Unknown command.
You hit the lindwurm.
The lindwurm is almost dead.
The lindwurm breathes flames at you. The blast of flame misses you.
Unknown command.
You hit the lindwurm but do no damage.
The lindwurm is almost dead.
The lindwurm barely misses you. The lindwurm claws you!
* * * LOW HITPOINT WARNING * * *
The lindwurm closely misses you.
Unknown command.
You hit the lindwurm but do no damage.
The lindwurm is almost dead.
The lindwurm breathes flames at you. The blast of flame hits you! You resist.
You die...
Your body crumbles into a pile of gold.

#...[...(...............
#(...)<.................
#(.........(.........#.#
#.....(...(.............
#.(.[...................
#...(^..)..........>#...
##.(..........#......#..
#..)[#k..............##.
#.....#@............###.
#.$[(.###.#.##...<.## ##
##.(...########....## ##
##$..(# #......# #. ####
####(((.## ##....## ##
..... #...(((.## ###.##
# ......##...k((..# ###
......($(.(((...#
o.........()...##


You could see a lindwurm.

Vanquished Creatures
  An orc warlord (Orc:1)
  A rakshasa (Orc:1)
  2 two-headed ogres
  An orc high priest (Orc:2)
  Pikel (D:7)
  A cyclops (Orc:1)
  An elephant (Orc:1)
  25 orc warriors
  A troll (D:8)
  Grinder (D:5)
  2 hippogriffs
  3 fire elementals
  2 wargs
  4 hell hounds
  2 slaves (D:8)
  A swamp drake (Orc:1)
  2 ice beasts
  2 sky beasts (D:9)
  12 ogres
  A black bear (D:8)
  A phantom (D:4)
  5 centaurs
  8 big kobolds
  3 gnoll sergeants (D:9)
  A bullfrog (D:8)
  Dowan (D:6)
  A wyvern skeleton (D:9)
  3 scorpions
  5 killer bees (D:9)
  3 wights (D:6)
  6 howler monkeys
  A crimson imp (D:7)
  10 orc priests
  A centaur zombie (D:6)
  A jelly (D:7)
  3 hounds
  3 bullfrog skeletons
  2 centaur skeletons
  19 orc wizards
  An iguana (D:4)
  Jessica (D:3)
  A hell rat (Orc:1)
  7 worker ants
  A gnoll (D:9)
  14 adders
  5 river rats (Sewer)
  3 shadow imps
  4 oozes
  An adder zombie (D:8)
  An adder skeleton (D:4)
  3 dart slugs
  2 worms
  5 leopard geckos
  63 orcs
  10 giant cockroaches
  4 goblins
  6 hobgoblins
  12 jackals
  2 quokkas
  5 ball pythons
  8 bats
  7 frilled lizards
  22 kobolds
  A quokka skeleton (D:6)
  14 rats
346 creatures vanquished.

Vanquished Creatures (collateral kills)
  An ogre (D:6)
  A scorpion (D:6)
  A wight (D:6)
  A crimson imp (D:5)
  An orc priest (D:6)
  3 orc wizards
  An adder (D:5)
  A shadow imp (D:5)
  4 orcs
  A bat (D:2)
  A jackal (D:5)
  A leopard gecko skeleton (D:5)
17 creatures vanquished.

Vanquished Creatures (others)
  A water moccasin (D:6)
  2 slaves (D:8)
  A centaur (D:6)
  A bullfrog (D:6)
  A scorpion (D:6)
  A wight (D:6)
  A worm (D:2)
  An orc (Orc:1)
9 creatures vanquished.

Grand Total: 372 creatures vanquished

Notes
Turn   | Place    | Note
-------+----------+-------------------------------------------
     0 | D:1      | Amnesiac the Spriggan Artificer began the quest for the Orb.
     0 | D:1      | Reached XP level 1. HP: 9/9 MP: 4/4
   389 | D:4      | Reached skill level 1 in Fighting
   389 | D:4      | Reached XP level 2. HP: 5/14 MP: 6/6
   874 | D:4      | Reached XP level 3. HP: 13/18 MP: 7/7
   962 | D:4      | Noticed a scorpion
   994 | D:4      | Noticed a phantom
   998 | D:4      | Found an ornate altar of the Wu Jian Council.
  1023 | D:4      | Found a radiant altar of Vehumet.
  1026 | D:4      | Found a bloodstained altar of Trog.
  1029 | D:4      | Found a sparkling altar of Nemelex Xobeh.
  1183 | D:4      | Noticed an ogre
  1293 | D:5      | Entered Level 5 of the Dungeon
  1321 | D:5      | Noticed a scorpion
  1341 | D:5      | Noticed Grinder
  1363 | D:5      | Found a shadowy altar of Dithmenos.
  1395 | D:5      | Found a hide-covered altar of Uskayaw.
  1442 | D:5      | Noticed an ogre
  1641 | D:5      | Noticed an orc warrior
  1667 | D:5      | Found a hazy altar of Hepliaklqana.
  1673 | D:5      | Reached skill level 5 in Evocations
  1676 | D:5      | Reached XP level 4. HP: 8/22 MP: 2/9
  1686 | D:5      | Found a blossoming altar of Fedhas.
  1686 | D:5      | Noticed a centaur
  1706 | D:5      | Reached XP level 5. HP: 20/26 MP: 1/10
  1725 | D:5      | Reached skill level 6 in Evocations
  1743 | D:5      | Noticed an ice beast
  1787 | D:6      | Found a staircase to the Ecumenical Temple.
  1793 | Temple   | Entered the Ecumenical Temple
  1848 | Temple   | Became a worshipper of Gozag Ym Sagoz the Greedy
  1971 | D:6      | Noticed a centaur
  1973 | D:6      | Killed a centaur
  1973 | D:6      | Reached skill level 5 in Dodging
  1973 | D:6      | Reached XP level 6. HP: 31/31 MP: 10/12
  2033 | D:6      | Reached skill level 7 in Evocations
  2360 | D:6      | Found a glowing drain.
  2369 | Sewer    | Entered a sewer
  2695 | Sewer    | Reached XP level 7. HP: 18/35 MP: 7/13
  2840 | Sewer    | Reached skill level 8 in Evocations
  3715 | D:6      | Noticed Dowan
  3718 | D:6      | Noticed Duvessa
  3732 | D:6      | Reached skill level 9 in Evocations
  3743 | D:6      | Killed an orc warrior
  3743 | D:6      | Reached XP level 8. HP: 10/42 MP: 5/16
  3757 | D:6      | Noticed Duvessa
  3757 | D:6      | Duvessa changed into Duvessa the worker ant
  3760 | D:6      | Killed Duvessa the worker ant
  3812 | D:6      | Killed Dowan
  4637 | D:4      | Reached skill level 10 in Evocations
  4750 | D:3      | Noticed Jessica
  4757 | D:3      | Killed Jessica
  6849 | D:4      | Found a sparkling altar of Nemelex Xobeh.
  6849 | D:4      | Found a radiant altar of Vehumet.
  6875 | D:4      | Found an ornate altar of the Wu Jian Council.
  6875 | D:4      | Found a bloodstained altar of Trog.
  7485 | D:5      | Reached skill level 11 in Evocations
  7630 | D:5      | Reached XP level 9. HP: 36/46 MP: 14/18
  7896 | D:5      | Killed Grinder
  7896 | D:5      | Reached skill level 5 in Fighting
  8231 | D:6      | Found a staircase to the Ecumenical Temple.
  8782 | D:7      | Reached skill level 12 in Evocations
  9629 | D:7      | Reached skill level 10 in Dodging
  9871 | D:8      | Noticed Pikel
 10148 | D:7      | Reached skill level 13 in Evocations
 10740 | D:7      | Killed Pikel
 10740 | D:7      | Reached XP level 10. HP: 43/53 MP: 15/20
 10928 | D:8      | Noticed a two-headed ogre
 10990 | D:8      | Killed a two-headed ogre
 11235 | D:8      | Found a sparkling altar of Nemelex Xobeh.
 11394 | D:8      | Noticed Maurice
 11408 | D:8      | Noticed Maurice
 11408 | D:8      | Maurice changed into Maurice the black bear
 11422 | D:8      | Killed Maurice the black bear
 11959 | D:8      | Reached skill level 14 in Evocations
 12778 | D:9      | Found a staircase to the Orcish Mines.
 13003 | D:8      | Reached skill level 1 in Shields
 13769 | D:9      | Noticed a two-headed ogre
 13929 | D:9      | Killed a two-headed ogre
 14106 | Orc:1    | Entered Level 1 of the Orcish Mines
 14160 | Orc:1    | Reached XP level 11. HP: 58/58 MP: 22/22
 15462 | Orc:1    | Reached skill level 5 in Shields
 15598 | Orc:1    | Noticed an orc warlord
 15603 | Orc:1    | Killed an orc warlord
 15779 | Orc:1    | Noticed an orc sorcerer
 15783 | Orc:1    | an orc sorcerer changed into an elephant
 16075 | Orc:2    | Entered Level 2 of the Orcish Mines
 16591 | Orc:1    | Noticed an orc knight
 16595 | Orc:1    | an orc knight changed into a cyclops
 18198 | Orc:2    | Found a staircase to the Elven Halls.
 19723 | Orc:2    | Noticed an orc high priest
 19732 | Orc:2    | Killed an orc high priest
 20017 | Orc:2    | Noticed Azrael
 20020 | Orc:2    | Noticed Azrael
 20020 | Orc:2    | Azrael changed into Azrael the rakshasa
 20422 | Orc:1    | Killed Azrael the rakshasa
 20422 | Orc:1    | Reached skill level 15 in Evocations
 21628 | Orc:2    | Noticed an orc knight
 21628 | Orc:2    | Noticed a lindwurm
 21628 | Orc:2    | an orc knight changed into a lindwurm
 21659 | Orc:2    | Killed from afar by a lindwurm

Vault maps used:
D:1:      dpeg_arrival_lava_altar
D:3:      uniq_jessica
D:4:      grunt_temple_overflow_cloverleaf
D:5:      lemuel_crystal_altar, grunt_dithmenos_smoke_and_mirrors,
          eat_drink_and_be_merry_uskayaw, first_ration,
          fedhas_bush_and_centaur_altar, uniq_grinder
D:6:      minmay_temple_entry_statues_pillars, portal_sewer_entry_e,
          uniq_duvessa
D:7:      minmay_misc_feat_x
D:8:      nemelex_dance_club_becter, uniq_maurice, uniq_pikel
D:9:      kennysheep_orc_monster_closet_entryway
Temple:   regret_index_temple_waves
Orc:2:    st_orc_congregation, uniq_azrael
Sewer:    sewer_co_tree

Skill      XL: |  1  2  3  4  5  6  7  8  9 10 11 |
---------------+----------------------------------+-----
Fighting       | 1 2 3 4 5 6 7 |  7.1
Stealth        | 2 |  2.5
Evocations     | 5 6 7 9 11 13 14 15 | 15.2
Short Blades   | 2 |  2.0
Dodging        | 4 5 7 8 10 11 12 | 12.1
Shields        | 4 7 |  7.2

Action                   |  1- 3 |  4- 6 |  7- 9 | 10-12 || total
-------------------------+-------+-------+-------+-------++-------
Melee: Short sword       |    12 |       |    13 |   198 ||   223
       Hunting sling     |       |       |       |     2 ||     2
 Fire: Hunting sling     |     1 |   141 |   931 |  1352 ||  2425
       Blowgun           |       |       |       |     1 ||     1
Throw: Throwing net      |       |       |       |     1 ||     1
Evoke: Wand              |    17 |    11 |    28 |    45 ||   101
  Use: Scroll            |     7 |       |     4 |       ||    11
       Potion            |       |     2 |     3 |       ||     5
 Stab: Sleeping          |     3 |       |       |     1 ||     4
       Distracted        |       |       |       |     1 ||     1
       Held in net/web   |       |       |       |     1 ||     1
  Eat: Ration            |       |       |     4 |     7 ||    11
Armor: Robe              |    16 |     4 |    33 |    48 ||   101
Dodge: Dodged            |   111 |    72 |   447 |   854 ||  1484
Block: Buckler           |       |       |       |   192 ||   192

Table legend:
 A = Spawn XP
 B = Non-spawn XP
 C = Spawn XP percentage of total XP
 D = Spawn monster count
 E = Non-spawn monster count
 F = Spawn count percentage of total count
 G = Total turns spent on level
                    A         B        C        D         E        F      G
               +---------+---------+-------+---------+---------+-------+---------
         Total |       0 |   21022 |   0.0 |       0 |     363 |   0.0 | 21659
               +---------+---------+-------+---------+---------+-------+---------
           D:1 |       0 |      31 |   0.0 |       0 |      21 |   0.0 |   840
           D:2 |       0 |      46 |   0.0 |       0 |      20 |   0.0 |   531
           D:3 |       0 |     121 |   0.0 |       0 |      24 |   0.0 |   816
           D:4 |       0 |     548 |   0.0 |       0 |      14 |   0.0 |  2055
           D:5 |       0 |    1150 |   0.0 |       0 |      24 |   0.0 |  1111
           D:6 |       0 |    1000 |   0.0 |       0 |      37 |   0.0 |  1788
           D:7 |       0 |    1994 |   0.0 |       0 |      33 |   0.0 |  2080
           D:8 |       0 |    2453 |   0.0 |       0 |      23 |   0.0 |  1604
           D:9 |       0 |    3419 |   0.0 |       0 |      40 |   0.0 |  2558
         Orc:1 |       0 |    6889 |   0.0 |       0 |      57 |   0.0 |  5218
         Orc:2 |       0 |    2895 |   0.0 |       0 |      42 |   0.0 |  1653
         Sewer |       0 |     476 |   0.0 |       0 |      28 |   0.0 |  1294
               +---------+---------+-------+---------+---------+-------+---------
